 Dungeon Crawl Stone Soup version 0.18-a0-1347-gb9e2fb4 (webtiles) character file.

2558 Duffy the Destroyer (level 9, -13/45 HPs)
             Began as a Gargoyle Fire Elementalist on Feb 17, 2016.
             Was a Priest of Cheibriados.
             Mangled by a hill giant
             ... wielding a +0 giant club
              (20 damage)
             ... on level 9 of the Dungeon.
             The game lasted 00:11:25 (8740 turns).

Duffy the Destroyer (Gargoyle Fire Elementalist)    Turns: 8740, Time: 00:11:25

Health: -13/45     AC: 14    Str: 18    XL:     9   Next: 56%
Magic:  25/34      EV: 11    Int: 25    God:    Cheibriados [***...]
Gold:   365        SH:  0    Dex: 20    Spells: 4 memorised, 5 levels left

rFire  . . .     SeeInvis +     p - +0 blowgun
rCold  . . .     Gourm    .     L - +1 ring mail of Good Intentions {rElec MP+9 Dex+4}
rNeg   + . .     Faith    .     (no shield)
rPois  ∞         Spirit   .     t - +0 helmet
rElec  +         Dismiss  .     (no cloak)
rCorr  .         Reflect  .     (no gloves)
SustAt .         Harm     .     O - +1 pair of boots
MR     .....                    (no amulet)
Stlth  ++........               X - ring of see invisible
                                q - ring of magical power

@: very slow, not resistant to hostile enchantments, unstealthy
A: negative energy resistance 1, electricity resistance, unbreathing,
petrification resistance, rot immunity, AC +5
a: Bend Time, Temporal Distortion, Renounce Religion


You were on level 9 of the Dungeon.
You worshipped Cheibriados.
Cheibriados was most pleased with you.
You were not hungry.

You visited 3 branches of the dungeon, and saw 11 of its levels.

You collected 365 gold pieces.


Innate Abilities, Weirdness & Mutations

You are resistant to torment.
Your stone body is resilient (AC +5).
You are immune to poison.
You resist negative energy.
You are resistant to electric shocks.
You can survive without breathing.
You are immune to petrification.
You are immune to rotting.


   Skills:
 - Level 1.5 Dodging
 - Level 2.1 Stealth
 - Level 5.0 Spellcasting
 * Level 9.0 Conjurations
 * Level 8.8 Fire Magic
 + Level 0.0 Invocations


You had 5 spell levels left.
You knew the following spells:

 Your Spells              Type           Power        Failure   Level  Hunger
a - Flame Tongue          Conj/Fire      #####        1%          1    None
j - Sticky Flame          Conj/Fire      ######..     4%          4    ####...
k - Fireball              Conj/Fire      ######....   12%         5    #####..
l - Conjure Flame         Conj/Fire      ######..     1%          3    ##.....

Inventory:

Hand Weapons
 p - a +0 blowgun (weapon)
 N - a +0 quarterstaff
 U - a +1 dagger of venom
Missiles
 z - 16 poisoned needles (quivered)
Armour
 a - a +0 robe
 t - a +0 helmet (worn)
 L - the +1 ring mail of Good Intentions (worn) {rElec MP+9 Dex+4}

   It affects your dexterity (+4).
   It insulates you from electricity.
   It affects your magic capacity (+9).
 O - a +1 pair of boots (worn)
Jewellery
 q - a ring of magical power (left hand)
 R - an uncursed ring of ice
 X - a ring of see invisible (right hand)
Wands
 o - a wand of polymorph (1/24)
 y - a wand of flame (23/48)
 A - a wand of acid (8/15)
 E - a wand of disintegration (15/24)
 W - a wand of confusion (29/48)
Scrolls
 d - 5 scrolls of identify {unknown}
 h - 2 scrolls of immolation {unknown}
 i - 3 scrolls of amnesia {unknown}
 j - 3 scrolls of remove curse {unknown}
 k - 4 scrolls of noise {unknown}
 m - 2 scrolls of magic mapping {unknown}
 n - 2 scrolls of teleportation {unknown}
 r - a scroll of enchant weapon {unknown}
 v - a scroll of blinking {unknown}
 x - 3 scrolls of recharging {unknown}
 G - 3 scrolls of fear {unknown}
 J - a scroll of torment {unknown}
 T - a scroll of fog {unknown}
 V - a scroll of brand weapon {unknown}
Potions
 e - 2 potions of degeneration {unknown}
 g - 4 potions of curing {unknown}
 l - a potion of haste
 s - a potion of might {unknown}
 u - 2 potions of berserk rage {unknown}
 w - 2 potions of cure mutation {unknown}
 B - 2 potions of lignification {unknown}
 D - 2 potions of heal wounds {unknown}
 I - a potion of flight {unknown}
 K - 2 potions of agility {unknown}
Books
 b - a book of Flames
 C - a book of Spatial Translocations
 Q - a book of Changes
Comestibles
 c - 3 bread rations
 f - 5 meat rations
 F - 3 beef jerkies
 H - a slice of pizza
 M - 10 fruits
 P - 10 royal jellies
 S - 3 chunks of flesh

Dungeon Overview and Level Annotations

Branches:
Dungeon (9/15)             Temple (1/1) D:5            Lair (1/8) D:8
    Orc: D:9-12

Altars:
Ashenzari
Cheibriados
Dithmenos
Elyvilon
Fedhas
Gozag
Kikubaaqudgha
Makhleb
Nemelex Xobeh
Okawaru
Pakellas
Qazlal
Ru
Sif Muna
Trog
Vehumet
Xom
Yredelemnul
Zin

Annotations:
D:6 Azzok's ghost, novice DEFE


Message History

Aiming: Flame Tongue
Press: ? - help, Shift-Dir - straight line, f/p - hill giant
Aim: a hill giant, wielding a giant club (lightly wounded)
The flame tongue hits the hill giant.
The hill giant is moderately wounded.
Cast which spell? (? or * to list)
Aiming: Flame Tongue
Press: ? - help, Shift-Dir - straight line, f/p - hill giant
Aim: a hill giant, wielding a giant club (moderately wounded)
The flame tongue hits the hill giant.
The hill giant is moderately wounded.
Cast which spell? (? or * to list)
Aiming: Sticky Flame
Press: ? - help, Shift-Dir - straight line, f/p - hill giant
Aim: a hill giant, wielding a giant club (moderately wounded)
The sticky flame hits the hill giant.
The hill giant is heavily wounded.
The hill giant is covered in liquid flames!
The hill giant burns!
The hill giant hits you with a giant club!!
Cast which spell? (? or * to list)
Aiming: Flame Tongue
Press: ? - help, Shift-Dir - straight line, f/p - hill giant
Aim: a hill giant, wielding a giant club (heavily wounded, covered in liquid flames)
The flame tongue hits the hill giant.
The hill giant is severely wounded.
The hill giant burns!
The hill giant hits you with a giant club!!
Cast which spell? (? or * to list)
Aiming: Flame Tongue
Press: ? - help, Shift-Dir - straight line, f/p - hill giant
Aim: a hill giant, wielding a giant club (almost dead, covered in liquid flames)
The flame tongue misses the hill giant.
The hill giant burns!
The hill giant hits you with a giant club!!
You die...

###..############################
.................................
...........<.....................
..........................<......
......###########################
......# #
......################## #
........................ .
................@C...... .
........................
...........#############
...........# ...........#
...........# ...........#
...........# ............


You could see a hill giant (burning).

Action                   |  1- 3 |  4- 6 |  7- 9 || total
-------------------------+-------+-------+-------++-------
Melee: Unarmed           |       |     4 |       ||     4
       Quarterstaff      |       |       |    90 ||    90
 Fire: Blowgun           |       |       |    35 ||    35
 Cast: Flame Tongue      |    48 |    94 |   213 ||   355
       Sticky Flame      |       |     1 |    16 ||    17
       Conjure Flame     |       |     1 |     2 ||     3
 Stab: Sleeping          |       |       |     2 ||     2
       Distracted        |       |       |     1 ||     1
  Eat: Chunk             |     2 |     9 |    13 ||    24
       Fruit             |       |       |     2 ||     2

Notes
Turn   | Place    | Note
--------------------------------------------------------------
     0 | D:1      | Duffy the Gargoyle Fire Elementalist began the quest for the Orb.
     0 | D:1      | Reached XP level 1. HP: 10/10 MP: 3/3
    41 | D:1      | Reached skill level 2 in Conjurations
    41 | D:1      | Reached XP level 2. HP: 6/15 MP: 0/5
   411 | D:2      | Reached skill level 3 in Conjurations
   411 | D:2      | Reached XP level 3. HP: 19/19 MP: 1/6
   558 | D:1      | Learned a level 3 spell: Conjure Flame
  1506 | D:2      | Reached XP level 4. HP: 24/24 MP: 1/7
  1855 | D:2      | Noticed Natasha
  1889 | D:2      | Killed Natasha
  1889 | D:2      | Reached skill level 4 in Conjurations
  1896 | D:2      | Noticed Natasha
  1927 | D:2      | Killed Natasha
  1927 | D:2      | Reached skill level 4 in Fire Magic
  1927 | D:2      | Reached XP level 5. HP: 2/28 MP: 1/8
  2547 | D:2      | Learned a level 4 spell: Sticky Flame
  2775 | D:2      | Noticed Natasha
  2781 | D:2      | Killed Natasha
  3144 | D:3      | Found a basalt altar of Yredelemnul.
  3145 | D:3      | Found a shattered altar of Ashenzari.
  3147 | D:3      | Found a sparkling altar of Nemelex Xobeh.
  3337 | D:3      | Noticed Sigmund
  3345 | D:3      | Killed Sigmund
  3345 | D:3      | Reached skill level 5 in Conjurations
  3345 | D:3      | Reached XP level 6. HP: 24/32 MP: 10/10
  3736 | D:4      | Reached skill level 5 in Fire Magic
  3736 | D:4      | Reached XP level 7. HP: 36/36 MP: 10/11
  3822 | D:4      | Reached skill level 3 in Spellcasting
  4584 | D:4      | Found a deep blue altar of Sif Muna.
  4594 | D:4      | Reached skill level 6 in Conjurations
  4660 | D:5      | Entered Level 5 of the Dungeon
  4901 | D:5      | Reached skill level 6 in Fire Magic
  4963 | D:5      | Reached XP level 8. HP: 38/41 MP: 13/13
  5080 | D:5      | Found a staircase to the Ecumenical Temple.
  5089 | Temple   | Entered the Ecumenical Temple
  5292 | Temple   | Became a worshipper of Cheibriados the Contemplative
  5537 | D:5      | Found a burning altar of Makhleb.
  5633 | D:5      | Found a blossoming altar of Fedhas.
  5730 | D:6      | Reached skill level 7 in Conjurations
  5892 | D:6      | Noticed Azzok's ghost (novice DEFE)
  5917 | D:7      | Learned a level 5 spell: Fireball
  5948 | D:7      | Reached skill level 7 in Fire Magic
  6021 | D:7      | Reached skill level 4 in Spellcasting
  6113 | D:6      | Got a scorched ring mail
  6398 | D:7      | Reached * piety under Cheibriados
  6709 | D:8      | Reached skill level 8 in Conjurations
  6858 | D:8      | Reached XP level 9. HP: 26/45 MP: 15/15
  7081 | D:7      | Reached skill level 8 in Fire Magic
  7405 | D:8      | Reached ** piety under Cheibriados
  7453 | D:8      | Found a staircase to the Lair.
  7462 | Lair:1   | Entered Level 1 of the Lair of Beasts
  8404 | D:8      | Reached skill level 9 in Conjurations
  8580 | D:8      | Identified the +1 ring mail of Good Intentions {rElec MP+9 Dex+4} (You found it on level 6 of the Dungeon)
  8598 | D:8      | Reached *** piety under Cheibriados
  8598 | D:8      | Reached skill level 5 in Spellcasting
  8733 | D:9      | Noticed a hill giant
  8740 | D:9      | Mangled by a hill giant

Vault maps used:
D:1:      saegor_arrival_miasma
D:2:      kennysheep_six_static_rooms, kennysheep_generic_room_2, uniq_natasha
D:3:      grunt_temple_overflow_open, uniq_sigmund
D:4:      led_sif_book, wad_orctagon
D:5:      makhleb_heckhound_becter, lemuel_temple_firewalk_marked, first_bread,
          fedhas_altar_fruit_tree
D:6:      nicolae_tso_besieged_by_evil, serial_shops, nicolae_shop_behind_doors
D:8:      lair_0_dummy, hangedman_little_slice_of_home
D:9:      serial_shops, nicolae_shop_behind_doors, lemuel_statue_altar
Temple:   nicolae_temple_figure_eight
Lair:1:   st_stairs_13, serial_bayou_lake_a, grunt_megastairs_1

Vanquished Creatures
  Sigmund
  A water moccasin
  3 orc warriors
  An ice beast
  A sky beast
  2 black bears
  4 ogres
  2 centaurs
  2 giant frogs
  3 killer bees
  A crimson imp
  2 quasits
  An orc priest
  4 hounds
  3 jellies
  5 orc wizards
  A giant frog skeleton
  A centaur skeleton Natasha (thrice)
  5 worker ants
  A killer bee zombie
  A hound zombie
  12 adders
  2 shadow imps
  7 oozes
  3 worms
  4 giant geckos
  27 orcs
  6 giant cockroaches
  9 goblins
  6 hobgoblins
  5 jackals
  14 kobolds
  2 quokkas
  A ball python
  6 bats
  3 giant gecko skeletons
  5 giant newts
  A quokka zombie
  9 rats
170 creatures vanquished.
